 Dungeon Crawl Stone Soup version 0.15-a0-1995-g7e6aeab (console) character file.

12740 MrRokkomies the Archer (level 11, -2/90 HPs)
             Began as a Demonspawn Arcane Marksman on July 10, 2014.
             Was a Priest of Okawaru (penitent).
             Killed themself with a badly aimed fireball (11 damage)
             ... on Level 11 of the Dungeon on July 11, 2014.
             The game lasted 01:40:41 (18675 turns).

MrRokkomies the Archer (DsAM)                      Turns: 18675, Time: 01:40:43

HP  -2/90        AC  9     Str 12      XL: 11   Next: 66%
MP   0/22        EV 11     Int 17      God: *Okawaru
Gold 601         SH  4     Dex 12 (13) Spells:  5 memorised,  5 levels left

rFire  . . .     SeeInvis +     w - +0 Staff of Olgreb {rPois}
rCold  + . .     Clarity  .     T - +1 leather armour {rC+}
rNeg   . . .     rCorr    .     (no shield)
rPois  +         rRot     .     (helmet restricted)
rElec  .         Spirit   +     R - +0 cloak
SustAb .         Warding  .     (no gloves)
rMut   .         Stasis   .     (no boots)
Gourm  .                        k - amulet of guardian spirit
MR     .....                    N - ring of see invisible
                                h - ring of wizardry

@: about to teleport, radiating poison, very slightly contaminated, constricted,
not resistant to hostile enchantments, unstealthy
A: antennae 1, large bone plates 3, demonic guardian 1, nightstalker 1, wild
magic 1
a: Renounce Religion


You were on level 11 of the Dungeon.
You worshipped Okawaru.
Okawaru was demanding penance.
You were hungry.

You visited 3 branches of the dungeon, and saw 13 of its levels.
You also visited: Sewer.

You collected 601 gold pieces.

Inventory:

Hand weapons
 a - a +1 shortbow
 b - the +8 dagger "Woufeaphe" {stab, +Inv Str+3 Int+2 Stlth++}
   (You found it on level 8 of the Dungeon)

   It inflicts extra damage upon your enemies.
   It affects your strength (+3).
   It affects your intelligence (+2).
   It lets you turn invisible.
   It makes you much more stealthy.
 u - a +0 blowgun
 w - the +0 Staff of Olgreb (weapon) {rPois}
   (You found it on level 5 of the Dungeon)

   It protects you from poison.
 W - a +0 trident of venom
Missiles
 c - 172 arrows
 j - 15 stones (quivered)
 n - 2 arrows of flame
 q - 4 curare-tipped needles
 y - 5 poisoned needles
 K - 13 poisoned arrows
Armour
 R - a +0 cloak (worn)
 T - a +1 leather armour of cold resistance (worn)
Magical devices
 H - a wand of teleportation (1)
 L - a wand of fireball (3) {unknown}
 P - a wand of digging (14)
 U - a wand of invisibility (4)
Comestibles
 f - 9 bread rations
 i - 4 meat rations
 l - 2 chunks of crocodile flesh
 A - 2 beef jerkies
 G - 7 slices of pizza
Scrolls
 s - 2 scrolls of fog
 t - 2 scrolls of teleportation
 F - a scroll of random uselessness {unknown}
 I - 2 scrolls of recharging
 Q - a scroll of remove curse
 X - a scroll of identify
Jewellery
 e - an uncursed ring of invisibility
 g - an uncursed amulet of resist corrosion
 h - a ring of wizardry (left hand)
 k - an amulet of guardian spirit (around neck)
 m - a +3 ring of strength
 D - an uncursed amulet of rage
 N - a ring of see invisible (right hand)
Potions
 o - a potion of cure mutation
 r - a potion of resistance
 v - 2 potions of lignification
 x - 4 potions of might
 B - 3 potions of brilliance
 C - a potion of flight
 E - a potion of poison {unknown}
 J - a potion of berserk rage {unknown}
 S - 2 potions of confusion {unknown}
 V - a potion of mutation
Books
 d - a book of Debilitation

   Spells                             Type                      Level
   *Corona                            Hexes                        1
   *Slow                              Hexes                        2
   *Inner Flame                       Hexes/Fire                   3
   *Enslavement                       Hexes                        4
   *Cause Fear                        Hexes                        4
   Leda's Liquefaction                Hexes/Earth                  4
 z - a book of Envenomations

   Spells                             Type                      Level
   Spider Form                        Transmutation/Poison         3
   Alistair's Intoxication            Transmutation/Poison         4
   Olgreb's Toxic Radiance            Poison                       4
   Poisonous Cloud                    Conjuration/Poison/Air       6
 O - a book of Necromancy

   Spells                             Type                      Level
   Pain                               Necromancy                   1
   Animate Skeleton                   Necromancy                   1
   Vampiric Draining                  Necromancy                   3
   Regeneration                       Charms/Necromancy            3
   Animate Dead                       Necromancy                   4
   Control Undead                     Necromancy                   4
Magical staves
 p - an uncursed staff of summoning
 M - an uncursed staff of conjuration


   Skills:
 - Level 10.1 Fighting
 * Level 3.8 Staves
 - Level 10.9 Bows
 - Level 1.7 Dodging
 * Level 4.5 Spellcasting
 - Level 6.2 Hexes
 - Level 7.0 Evocations


You had 5 spell levels left.
You knew the following spells:

 Your Spells              Type           Power        Failure   Level  Hunger
a - Corona                Hex            #####..      1%          1    None
b - Slow                  Hex            #####...     2%          2    #......
c - Inner Flame           Hex/Fire       ###.....     11%         3    ###....
d - Enslavement           Hex            #####...     11%         4    ####...
e - Cause Fear            Hex            #####.....   11%         4    ####...


Dungeon Overview and Level Annotations

Branches:
Dungeon (11/15)            Temple (1/1) D:5             Orc (1/4) D:10
   Lair (0/8) D:11

Altars:
Ashenzari
Cheibriados
Dithmenos
Elyvilon
Fedhas
Gozag
Kikubaaqudgha
Makhleb
Nemelex Xobeh
Okawaru
Qazlal
Sif Muna
Trog
Vehumet
Xom
Yredelemnul
Zin
The Shining One

Annotations:
D:9 Turgon's ghost, experienced OpEE


Innate Abilities, Weirdness & Mutations

You have a pair of small antennae on your head.
You are completely covered in large bone plates (AC +4, SH +4).
A weak demonic guardian rushes to your aid.
You are slightly more attuned to the shadows.
Your spells are a little harder to cast, but a little more powerful.


Message History

* * * LOW HITPOINT WARNING * * *
The naga warrior grabs you.
* * * LOW HITPOINT WARNING * * *
The naga warrior constricts you.
The tengu conjurer hits you but does no damage.
The tengu conjurer barely misses you. The tengu conjurer closely misses you.
You don't have enough magic at the moment.
Drink which item? (? for menu, Esc to quit)
Okay, then.
Evoke which item? (* to show all) (? for menu, Esc to quit)
Zapping:
L - a twisted copper wand
Press: ? - help, Shift-Dir - straight line, f - tengu conjurer
Aim: a tengu conjurer (moderately wounded, poisoned, durably summoned)
The fireball explodes!
The fireball engulfs the tengu conjurer.
The tengu conjurer is heavily wounded.
The fireball engulfs the naga.
The naga is moderately wounded.
The fireball engulfs you!
You die...

#.. #.#
#.# #.#
#.# #N#
#Q# #@#
##N######
#bQm....#
#.mNm...+
#.......#
#.......#
#.......#
#.......#
#.......#


You could see a naga warrior, a merfolk javelineer, a tengu warrior, 2 merfolk,
a raven, a tengu conjurer and 2 nagas.

Vanquished Creatures
  A hydra (D:11)
  A centaur warrior (D:9)
  Erolcha (D:8)
  Joseph (D:7)
  A gargoyle (D:10)
  A deep elf mage (D:9)
  A wyvern (D:8)
  12 yaks
  A basilisk (D:11)
  A human (D:10)
  2 hungry ghosts
  Eustachio (D:8)
  A wraith (D:9)
  A hippogriff (D:8)
  A water moccasin (D:10)
  A mottled dragon (D:11)
  A black bear (D:7)
  4 porcupines (D:11)
  4 sky beasts
  5 orc warriors
  5 phantoms
  3 ogres
  An ice beast (D:7)
  5 centaurs
  4 crocodiles (D:11)
  9 giant frogs
  Blork the orc (D:6)
  The ghost of Charly the Ruffian, an average VSTm (D:3)
  A big kobold (D:10)
  A gnoll sergeant (D:7)
  4 scorpions
  7 killer bees
  An eye of draining (D:8)
  A troll skeleton (D:8)
  An electric eel (D:7)
  2 quasits
  2 goliath beetles
  3 crimson imps
  2 jellies
  3 hounds
  3 worker ants
  2 orc priests
  2 orc wizards
  7 sheep
  7 iguanas
  A mummy (D:8)
  11 adders
  A worker ant zombie (D:6)
  7 green rats
  A scorpion zombie (D:6)
  12 gnolls
  3 shadow imps
  3 giant mites
  2 worms
  A goliath beetle zombie (D:7)
  An adder skeleton (D:8)
  4 oozes
  32 orcs
  6 ball pythons
  14 bats
  A bat skeleton (D:4)
  3 giant cockroaches
  18 hobgoblins
  34 kobolds
  6 quokkas
  9 giant geckos
  2 giant gecko skeletons
  9 giant newts
  3 giant spores
  A gnoll skeleton (D:6)
  15 goblins
  A hobgoblin zombie (D:5)
  10 jackals
  A kobold skeleton (D:8)
  A quokka skeleton (D:6)
  41 rats
  A ballistomycete (D:10)
375 creatures vanquished.

Vanquished Creatures (collateral kills)
  An unseen horror (D:11)
  A hill giant (D:10)
  Maurice (D:8)
  2 yaks (D:9)
  A black bear (D:7)
  An orc warrior (D:8)
  Sigmund (D:6)
  A killer bee (D:7)
  A scorpion (D:4)
  A crimson imp (D:7)
  An orc wizard (D:9)
  2 sheep
  A gnoll (D:7)
  An orc (D:8)
  A quokka (D:6)
  A rat (D:7)
18 creatures vanquished.

Vanquished Creatures (others)
  9 crimson imps
  6 quasits
  12 iron imps
  10 white imps
  13 ufetubi
  A ballistomycete (D:8)
  4 toadstools (D:1)
55 creatures vanquished.

Grand Total: 448 creatures vanquished

Notes
Turn   | Place    | Note
--------------------------------------------------------------
     0 | D:1      | MrRokkomies, the Demonspawn Arcane Marksman, began the quest for the Orb.
     0 | D:1      | Reached XP level 1. HP: 15/15 MP: 2/2
   542 | D:1      | Gained mutation: You are slightly more attuned to the shadows. [demonic ancestry]
   542 | D:1      | Reached XP level 2. HP: 21/21 MP: 0/3
  1350 | D:1      | Reached XP level 3. HP: 17/26 MP: 4/4
  1545 | D:1      | Learned a level 2 spell: Slow
  2341 | D:2      | Found a glowing golden altar of the Shining One.
  2675 | D:3      | Reached skill level 4 in Hexes
  2680 | D:3      | Noticed Charly's ghost (average VSTm)
  3037 | D:3      | Killed Charly's ghost
  3037 | D:3      | Gained mutation: A weak demonic guardian rushes to your aid. [demonic ancestry]
  3037 | D:3      | Reached XP level 4. HP: 17/32 MP: 3/5
  3472 | D:3      | Gained mutation: You are partially covered in large bone plates (AC +2, SH +2). [demonic ancestry]
  3472 | D:3      | Reached XP level 5. HP: 24/37 MP: 7/7
  4303 | D:3      | Learned a level 3 spell: Inner Flame
  4312 | D:4      | Reached skill level 5 in Bows
  4328 | D:4      | Noticed a phantom
  4350 | D:4      | Killed a phantom
  4350 | D:4      | Reached XP level 6. HP: 33/43 MP: 3/8
  4449 | D:4      | Found an iron altar of Okawaru.
  4449 | D:4      | Found a white marble altar of Elyvilon.
  4842 | D:4      | Found a glowing drain.
  4882 | Sewer    | Entered a sewer
  5753 | Sewer    | Reached skill level 6 in Bows
  6492 | D:4      | Gained mutation: You are mostly covered in large bone plates (AC +3, SH +3). [demonic ancestry]
  6492 | D:4      | Reached XP level 7. HP: 48/48 MP: 9/9
  6599 | D:4      | Found a stormy altar of Qazlal.
  7096 | D:5      | Entered Level 5 of the Dungeon
  7460 | D:5      | Reached skill level 7 in Bows
  7738 | D:5      | Found a burning altar of Makhleb.
  7797 | D:5      | Reached skill level 5 in Hexes
  7936 | D:5      | Found a staircase to the Ecumenical Temple.
  8122 | D:5      | Reached skill level 8 in Bows
  8122 | D:5      | Reached XP level 8. HP: 16/54 MP: 1/10
  8780 | D:6      | Noticed Sigmund
  8788 | D:6      | Killed Sigmund
  8982 | D:6      | Found a blossoming altar of Fedhas.
  9014 | Temple   | Entered the Ecumenical Temple
  9084 | D:6      | Noticed Blork the orc
  9091 | D:6      | Killed Blork the orc
  9091 | D:6      | Reached skill level 9 in Bows
  9269 | D:7      | Found a bloodstained altar of Trog.
  9649 | D:7      | Noticed Joseph
  9687 | D:7      | Killed Joseph
  9687 | D:7      | Reached skill level 10 in Bows
  9687 | D:7      | Gained mutation: You have a pair of small antennae on your head. [demonic ancestry]
  9687 | D:7      | Reached XP level 9. HP: 22/59 MP: 1/11
 10260 | D:7      | HP: 2/59 [poisoned by a killer bee]
 11218 | D:7      | Reached skill level 1 in Evocations
 11729 | D:4      | Became a worshipper of Warmaster Okawaru
 12073 | D:8      | Noticed Maurice
 12190 | D:8      | Killed Maurice
 12471 | D:8      | Found a radiant altar of Vehumet.
 12482 | D:8      | Noticed Eustachio
 12494 | D:8      | Killed Eustachio
 12494 | D:8      | Gained mutation: You are completely covered in large bone plates (AC +4, SH +4). [demonic ancestry]
 12494 | D:8      | Reached XP level 10. HP: 59/72 MP: 17/17
 12811 | D:8      | Noticed Erolcha
 12831 | D:8      | Killed Erolcha
 12831 | D:8      | Acquired Okawaru's first power
 12831 | D:8      | Reached skill level 5 in Fighting
 12831 | D:8      | Reached skill level 5 in Evocations
 13048 | D:8      | Got an ichor-stained dagger
 13049 | D:8      | Identified the +8 dagger "Woufeaphe" {stab, +Inv Str+3 Int+2 Stlth++} (You found it on level 8 of the Dungeon)
 13475 | D:9      | Noticed Turgon's ghost (experienced OpEE)
 15775 | D:9      | Reached XP level 11. HP: 89/89 MP: 21/21
 15790 | D:9      | Noticed a centaur warrior
 16062 | D:9      | Killed a centaur warrior
 16612 | D:10     | Entered Level 10 of the Dungeon
 16700 | D:10     | Upgraded the game from 0.15-a0-1968-gb423ccb to 0.15-a0-1995-g7e6aeab
 16937 | D:10     | Gained mutation: You are dopey. (Int -2) [potion of mutation]
 16937 | D:10     | Lost mutation: You are dopey. (Int -2) [potion of mutation]
 16937 | D:10     | Gained mutation: Your spells are a little harder to cast, but a little more powerful. [potion of mutation]
 17038 | D:10     | Found a staircase to the Orcish Mines.
 17067 | Orc:1    | Entered Level 1 of the Orcish Mines
 17094 | Orc:1    | Found a radiant altar of Vehumet.
 17130 | D:10     | Learned a level 4 spell: Enslavement
 17433 | D:10     | Noticed a hill giant
 17440 | D:10     | Killed a hill giant
 17440 | D:10     | Reached skill level 10 in Fighting
 17444 | D:10     | Received a gift from Okawaru
 17540 | D:10     | Reached skill level 1 in Staves
 17765 | D:10     | Was placed under penance by Okawaru
 18022 | D:11     | Noticed an unseen horror
 18038 | D:11     | Killed an unseen horror
 18063 | D:11     | Learned a level 4 spell: Cause Fear
 18495 | D:11     | Found a staircase to the Lair.
 18499 | D:11     | Noticed a seven-headed hydra
 18518 | D:11     | Killed a seven-headed hydra
 18643 | D:11     | Noticed a frost giant
 18670 | D:11     | Noticed a tengu warrior
 18670 | D:11     | Noticed a naga warrior
 18670 | D:11     | Noticed a merfolk javelineer
 18675 | D:11     | Killed themself with a badly aimed fireball

Action                   |  1- 3 |  4- 6 |  7- 9 | 10-12 || total
-------------------------+-------+-------+-------+-------++-------
Melee: Unarmed           |    59 |       |       |       ||    59
       Short sword       |    68 |   170 |       |       ||   238
       Trident           |       |    80 |   381 |    53 ||   514
       Staff             |       |       |   152 |    77 ||   229
       Dagger            |       |       |       |    82 ||    82
 Fire: Shortbow          |    68 |   110 |   183 |   380 ||   741
       Blowgun           |       |     2 |    32 |    14 ||    48
Throw: Stone             |       |       |       |     3 ||     3
 Cast: Corona            |     5 |    10 |    26 |    11 ||    52
       Slow              |     1 |     8 |    12 |    19 ||    40
       Inner Flame       |       |     3 |     2 |    13 ||    18
       Enslavement       |       |       |       |     4 ||     4
       Cause Fear        |       |       |       |     1 ||     1
Evoke: Staff of Olgreb   |       |       |     7 |    21 ||    28
       Wand              |       |       |       |     3 ||     3
  Use: Scroll            |     5 |     2 |     2 |    16 ||    25
       Potion            |     3 |       |    13 |     8 ||    24
 Stab: Invisible         |     4 |       |     1 |     1 ||     6
       Sleeping          |       |     3 |     2 |     7 ||    12
       Distracted        |       |       |     2 |     1 ||     3
  Eat: Chunk             |     5 |     9 |    22 |    12 ||    48
       Meat ration       |     1 |       |       |       ||     1
       Fruit             |       |     1 |     1 |     3 ||     5
       Beef jerky        |       |       |     1 |     1 ||     2
       Pizza             |       |       |       |     2 ||     2
